 Dungeon Crawl Stone Soup version 0.25.0-11-g1f837a76a1 (webtiles) character file.

Game seed: 5451475613725955413

4449 Baz the Fighter (level 10, -1/85 HPs)
             Began as a Barachi Monk on June 24, 2020.
             Was a Priest of Okawaru.
             Killed from afar by a starcursed mass (9 damage)
             ... with an accursed screaming
             ... on level 2 of the Abyss.
             The game lasted 00:18:51 (9745 turns).

Baz the Fighter (Barachi Monk)                      Turns: 9745, Time: 00:18:51

Health: -1/85      AC: 10    Str: 16    XL:     10   Next: 37%
Magic:  11/11      EV: 19    Int: 22    God:    Okawaru [***...]
Gold:   312        SH:  0    Dex: 22    Spells: 9/9 levels left

rFire    . . .     SeeInvis .   G - +0 long sword
rCold    . . .     Gourm    .   (no shield)
rNeg     . . .     Faith    .   t - +2 ring mail of Broken Taboos {*Drain rCorr Dex+7}
rPois    .         Spirit   .   (no helmet)
rElec    .         Reflect  .   A - scarf {repulsion}
rCorr    +         Harm     .   (no gloves)
MR       .....                  B - +0 pair of boots {Stlth+}
Stlth    +++.......             (no amulet)
HPRegen  0.24/turn              k - +6 ring of intelligence
MPRegen  0.12/turn              D - +6 ring of intelligence

@: repel missiles, slow
A: +LOS, swims, slowness 1, strong legs 1
a: Hop, Heroism, Renounce Religion


You were on level 2 of the Abyss.
You worshipped Okawaru.
Okawaru was most pleased with you.
You were hungry.

You visited 2 branches of the dungeon, and saw 9 of its levels.
You visited the Abyss 1 time.

You collected 372 gold pieces.
You spent 60 gold pieces at shops.

Inventory:

Hand Weapons
 G - a +0 long sword (weapon)
Armour
 o - a +0 scale mail
 t - the +2 ring mail of Broken Taboos (worn) {*Drain rCorr Dex+7}
   (You found it on level 4 of the Dungeon)

   It affects your dexterity (+7).
   It provides partial protection from all sources of acid and corrosion.
   It causes draining when unequipped.
 A - a scarf of repulsion (worn)
 B - a +0 pair of boots of stealth (worn)
 C - a +2 cloak
 N - +0 swamp dragon scales
Jewellery
 k - a +6 ring of intelligence (left hand)
 x - an uncursed ring of ice
 D - a +6 ring of intelligence (right hand)
 E - a +4 ring of evasion {unknown}
 L - a +6 ring of intelligence
Wands
 a - a wand of acid (5)
 l - a wand of clouds (8)
 v - a wand of flame (23)
 z - a wand of digging (11)
 F - a wand of polymorph (7)
 O - a wand of paralysis (6)
Scrolls
 b - 2 scrolls of teleportation
 f - a scroll of fog {unknown}
 g - 4 scrolls of blinking
 j - a scroll of magic mapping {unknown}
 n - 3 scrolls of noise {unknown}
 q - a scroll of random uselessness {unknown}
 r - a scroll of silence {unknown}
 w - a scroll of brand weapon {unknown}
 y - 3 scrolls of identify {unknown}
 H - a scroll of summoning {unknown}
 K - 2 scrolls of remove curse {unknown}
Potions
 d - a potion of flight
 e - a potion of lignification {unknown}
 h - a potion of might
 i - a potion of brilliance {unknown}
 m - 2 potions of stabbing {unknown}
 p - 2 potions of curing
 s - a potion of magic {unknown}
 u - a potion of degeneration {unknown}
 I - a potion of berserk rage {unknown}
 J - a potion of mutation {unknown}
Comestibles
 c - 12 rations


   Skills:
 + Level 10.1 Fighting
 + Level 10.0 Long Blades
 + Level 9.3 Armour
 + Level 9.3 Dodging
 - Level 1.7 Stealth
 + Level 2.3 Invocations


You had 9 spell levels left.
You didn't know any spells.
Your spell library contained the following spells:

 Spells                   Type           Power        Failure   Level  Hunger
 Magic Dart               Conj           #...         28%         1    ##.....
 Searing Ray              Conj           #.....       38%         2    ###....
 Confusing Touch          Hex            #.......     63%         3    ####...
 Dazzling Flash           Conj/Hex       #.....       63%         3    ####...
 Gell's Gravitas          Tloc           #.........   63%         3    ####...
 Fulminant Prism          Conj/Hex       #.........   95%         4    #####..
 Iskenderun's Mystic Bla  Conj/Tloc      #.......     95%         4    #####..
 Petrify                  Tmut/Erth      #.......     95%         4    #####..
 Metabolic Englaciation   Hex/Ice        #.........   100%        5    ######.
 Yara's Violent Unravell  Hex/Tmut       #.........   100%        5    ######.


Dungeon Overview and Level Annotations

Branches:
Dungeon (8/15)             Temple (1/1) D:7
   Lair: D:8-11

Altars:
Ashenzari
Cheibriados
Dithmenos
Elyvilon
Fedhas
Gozag
Hepliaklqana
Kikubaaqudgha
Makhleb
Nemelex Xobeh
Okawaru
Qazlal
Ru
Sif Muna
Trog
Uskayaw
Vehumet
Wu Jian
Xom
Yredelemnul
Zin

Shops:
D:4 !

Annotations:
D:2 exclusion: ice beast
D:8 Psyche


Innate Abilities, Weirdness & Mutations

You can be seen from farther away. (+LOS)
You can swim through water.
You cover ground slowly.
You can hop short distances.


Message History

You start resting.
A large abomination comes into view.
A starcursed mass comes into view.
A tentacled starspawn comes into view.
Found a gateway leading out of the Abyss.
Unknown command.
Unknown command.
Unknown command.
The starcursed mass shrieks in your mind.
* * * LOW HITPOINT WARNING * * *
Found 25 gold pieces.
Unknown command.
A starcursed mass splits.
The tentacled starspawn misses you. The tentacled starspawn engulfs you!
* * * LOW HITPOINT WARNING * * *
A starcursed mass splits.
A tentacle flies out from the starspawn's body!
A starcursed mass splits. x2
A deafening chorus of shrieks assaults your mind!
You die...

#.. ... ..# ##.# ##.##
#.##
##...###...###...##
.#.....#.....#.....#
...$..X..........#
......XX.........#
.....XX....w.....#
..........X.#....#
.....##@#..##...#
...#..∩#....#......#
....................#
......#...../#.....###
....###....#.X......#
.#. #...#.........# ..
#.........##### . #.
.....### .. .. ..


You could see 5 starcursed masses, a tentacled starspawn, a large abomination
(wandering) and a starspawn tentacle.

Vanquished Creatures
  Maggie (D:8)
  An ice devil (Abyss:2)
  2 hippogriffs (D:7)
  4 hogs
  A human (D:6)
  Eustachio (D:4)
  3 ice beasts
  3 orc warriors (D:6)
  4 sky beasts
  An eye of draining (D:3)
  4 ogres
  A centaur (D:5)
  3 bullfrogs
  2 scorpions
  4 killer bees (D:7)
  2 crimson imps
  2 hounds
  2 quasits
  2 jellies (D:5)
  5 orc priests
  A centaur skeleton (D:5)
  An orc wizard (D:6)
  2 bullfrog skeletons
  3 iguanas (D:5)
  Ijyb (D:3)
  A hound skeleton (D:5)
  A worker ant zombie (D:5)
  2 gnolls
  A howler monkey skeleton (D:7)
  6 adders
  A shadow imp (D:6)
  An ooze (D:1)
  2 adder zombies (D:7)
  3 worms
  A dart slug (D:1)
  6 leopard geckos
  12 orcs
  2 giant cockroaches
  5 goblins
  6 hobgoblins
  9 kobolds
  6 quokkas
  A ball python (D:1)
  5 bats
  6 frilled lizards
  A leopard gecko skeleton (D:4)
  A quokka skeleton (D:5)
  4 rats
139 creatures vanquished.

Notes
Turn   | Place    | Note
-------+----------+-------------------------------------------
     0 | D:1      | Baz the Barachi Monk began the quest for the Orb.
     0 | D:1      | Reached XP level 1. HP: 18/18 MP: 1/1
   193 | D:1      | Reached XP level 2. HP: 17/25 MP: 2/2
   399 | D:1      | Reached skill level 1 in Armour
   825 | D:1      | Reached XP level 3. HP: 21/30 MP: 3/3
  1374 | D:2      | Noticed an ice beast
  1909 | D:3      | Noticed Ijyb
  1913 | D:3      | Paralysed by Ijyb for 6 turns
  1922 | D:3      | Paralysed by Ijyb for 4 turns
  1926 | D:3      | Reached XP level 4. HP: 36/43 MP: 4/4
  1934 | D:3      | Paralysed by Ijyb for 7 turns
  1947 | D:3      | Paralysed by Ijyb for 3 turns
  1976 | D:3      | Killed Ijyb
  1976 | D:3      | Reached XP level 5. HP: 19/48 MP: 5/5
  2200 | D:3      | Found a bloodstained altar of Trog.
  2236 | D:3      | Found a hazy altar of Hepliaklqana.
  2594 | D:3      | Noticed an eye of draining
  2595 | D:3      | Found a bloodstained altar of Trog.
  2620 | D:3      | Killed an eye of draining
  2620 | D:3      | Reached XP level 6. HP: 56/56 MP: 1/6
  2893 | D:4      | Noticed Eustachio
  2985 | D:4      | Killed Eustachio
  3280 | D:4      | Reached XP level 7. HP: 61/61 MP: 7/7
  3337 | D:4      | Found Nosh's Distillery.
  3347 | D:4      | Bought a potion of heal wounds for 60 gold pieces
  3614 | D:4      | Got a twisted ring mail
  3625 | D:4      | Identified the +2 ring mail of Broken Taboos {*Drain rCorr
                  | Dex+7} (You found it on level 4 of the Dungeon)
  3694 | D:5      | Entered Level 5 of the Dungeon
  4155 | D:5      | Found a hide-covered altar of Uskayaw.
  4177 | D:5      | Reached XP level 8. HP: 37/68 MP: 8/8
  5623 | D:5      | HP: 2/70 [something (5)]
  6128 | D:6      | Reached XP level 9. HP: 69/75 MP: 9/9
  6370 | D:6      | Found a blossoming altar of Fedhas.
  7861 | D:7      | Found a staircase to the Ecumenical Temple.
  7887 | Temple   | Entered the Ecumenical Temple
  8208 | Temple   | Became a worshipper of Warmaster Okawaru
  8208 | Temple   | Reached * piety under Okawaru
  8208 | Temple   | Reached ** piety under Okawaru
  8674 | D:7      | Found a shadowy altar of Dithmenos.
  8751 | D:6      | Reached skill level 1 in Invocations
  8754 | D:6      | Reached XP level 10. HP: 43/84 MP: 7/10
  9248 | D:8      | Noticed Maggie
  9271 | D:8      | Killed Maggie
  9333 | D:8      | Found a burning altar of Makhleb.
  9424 | D:8      | Reached skill level 10 in Fighting
  9478 | D:8      | Noticed Psyche
  9497 | D:8      | Reached *** piety under Okawaru
  9497 | D:8      | Reached skill level 10 in Long Blades
  9501 | D:8      | Cast into level 2 of the Abyss (Psyche)
  9573 | Abyss:2  | Noticed a worldbinder
  9672 | Abyss:2  | Noticed a starcursed mass
  9686 | Abyss:2  | Found a corrupted altar of Lugonu.
  9740 | Abyss:2  | Noticed a starcursed mass
  9741 | Abyss:2  | Noticed a tentacled starspawn
  9745 | Abyss:2  | Killed from afar by a starcursed mass

Illustrated notes

Levels and vault maps discovered:
D:1:      evilmike_arrival_plus, layout_loops_ring
D:2:      layout_basic, minmay_puff
D:3:      layout_rooms, nicolae_overflow_crystal_walls, marbit_many_paths,
          trog_eyes_of_draining, uniq_ijyb
D:4:      layout_rooms, first_ration, serial_shops, shop_fountains,
          minivault_25, uniq_eustachio
D:5:      minmay_opposing_rooms, layout_loops_ring,
          eat_drink_and_be_merry_uskayaw
D:6:      layout_basic, kennysheep_little_box, grunt_ministairs_12, minmay_holes
D:7:      layout_rooms, nicolae_dithmenos_the_darkroom,
          minmay_temple_entry_junction, grunt_livestock
D:8:      layout_basic, bloody_makhleb, uniq_maggie, uniq_psyche
Temple:   regret_index_temple_sphere_string
Abyss:2:  base: D:15, kilobyte_mutagenic_chamber, kilobyte_mutagenic_chamber,
          bh_abyss_exit_spiral, evilmike_abyss_exit_chaos

Skill      XL: |  1  2  3  4  5  6  7  8  9 10 |
---------------+-------------------------------+-----
Armour         | 1 6 7 8 9 |  9.3
Fighting       | 4 7 8 9 10 | 10.1
Long Blades    | 4 7 8 9 10 | 10.0
Dodging        | 6 7 8 9 |  9.3
Invocations    | 1 2 |  2.3
Stealth        | |  1.7

Action                   |  1- 3 |  4- 6 |  7- 9 | 10-12 || total
-------------------------+-------+-------+-------+-------++-------
Melee: Falchion          |   111 |   142 |   393 |       ||   646
       Long sword        |       |       |   139 |   110 ||   249
Invok: Heroism           |       |       |     1 |       ||     1
 Abil: Hop               |       |     1 |     1 |       ||     2
Evoke: Wand              |       |     1 |     4 |     4 ||     9
  Use: Scroll            |     3 |       |       |     2 ||     5
       Potion            |     2 |     1 |     2 |     1 ||     6
 Stab: Sleeping          |     2 |       |     2 |     1 ||     5
       Confused          |       |       |     3 |       ||     3
  Eat: Chunk             |     4 |     3 |    16 |     5 ||    28
       Ration            |       |       |     1 |       ||     1
Armor: Robe              |     6 |       |       |       ||     6
       Leather armour    |     7 |     4 |       |       ||    11
       Ring mail         |       |     4 |   127 |    21 ||   152
       Scale mail        |       |    28 |    24 |       ||    52
Dodge: Dodged            |    89 |   115 |   434 |    72 ||   710
       Repelled          |       |       |       |     1 ||     1
       Rpst.: Falchion   |    25 |    39 |    78 |       ||   142
       Long sword        |       |       |    36 |    25 ||    61
